 Dungeon Crawl Stone Soup version 0.29-a0-371-g91724d5b39 (webtiles) character file.

Game seed: 9700910815999382834

2 lesaewzxc the Vexing (level 1, 0/12 HPs)
             Began as a Kobold Arcane Marksman on May 3, 2022.
             Slain by a jackal (2 damage)
             ... on level 1 of the Dungeon.
             The game lasted 00:01:46 (87 turns).

lesaewzxc the Vexing (Kobold Arcane Marksman)         Turns: 87, Time: 00:01:46

Health: 0/12       AC:  2    Str:  7    XL:     1   Next: 44%
Magic:  2/2        EV: 15    Int: 14    God:
Gold:   0          SH:  0    Dex: 15    Spells: 1/2 levels left

rFire   . . .      SeeInvis .   a - +0 hand crossbow
rCold   . . .      Faith    .   (no shield)
rNeg    . . .      Spirit   .   b - +0 robe
rPois   .          Reflect  .   (no helmet)
rElec   .          Harm     .   (no cloak)
rCorr   .          Rampage  .   (no gloves)
Will    .....                   (no boots)
Stlth   ++........              (no amulet)
HPRegen 0.04/turn               (no ring)
MPRegen 0.08/turn               (no ring)

@: no status effects
A: small, no large weapons, nightstalker 3
a: no special abilities


You were on level 1 of the Dungeon.
You visited 1 branch of the dungeon, and saw 1 of its levels.

Inventory:

Hand Weapons
 a - a +0 hand crossbow (weapon)
Armour
 b - a +0 robe (worn)
Scrolls
 c - a scroll of vulnerability


   Skills:
 + Level 1.2 Fighting
 + Level 2.7 Crossbows
 + Level 2.5 Dodging
 + Level 1.1 Spellcasting
 + Level 3.0 Hexes


You had one spell level left.
You knew the following spells:

 Your Spells              Type           Power      Damage    Failure   Level
a - Slow                  Hex            36%        N/A       8%          1

Your spell library contained the following spells:

 Spells                   Type           Power      Damage    Failure   Level
 Inner Flame              Hex/Fire       5%         N/A       38%         3
 Portal Projectile        Hex/Tloc       10%        N/A       38%         3
 Cause Fear               Hex            4%         N/A       58%         4


Dungeon Overview and Level Annotations

Branches:
Dungeon (1/15)

Altars:


Innate Abilities, Weirdness & Mutations

You are small and have problems with some larger weapons.
You are completely attuned to the shadows.


Message History

Shoot: a) +0 hand crossbow
Press: ? - help, Shift-Dir - straight line, f/p - jackal
Aim: a jackal (almost dead, 53% to hit)
You shoot a bolt. The bolt hits the jackal.
The jackal is almost dead.
The jackal misses you.
The jackal bites you but does no damage.
Shoot: a) +0 hand crossbow
Press: ? - help, Shift-Dir - straight line, f/p - jackal
Aim: a jackal (almost dead, 53% to hit)
You shoot a bolt. The bolt hits the jackal.
The jackal is almost dead.
The jackal closely misses you. The jackal bites you. The jackal misses you.
The jackal bites you but does no damage.
Shoot: a) +0 hand crossbow
Press: ? - help, Shift-Dir - straight line, f/p - jackal
Aim: a jackal (almost dead, 53% to hit)
You shoot a bolt. The bolt closely misses the jackal.
The bolt hits the giant cockroach.
The giant cockroach is severely wounded.
The jackal bites you. The jackal closely misses you. The jackal bites you.
The jackal completely misses you. The jackal closely misses you.
The jackal completely misses you.
Shoot: a) +0 hand crossbow
Press: ? - help, Shift-Dir - straight line, f/p - jackal
Aim: a jackal (almost dead, 53% to hit)
You shoot a bolt.
The bolt hits the jackal but does no damage.
The jackal is almost dead.
The jackal closely misses you. The jackal barely misses you.
The jackal closely misses you. x2; The jackal bites you. x2
* * * LOW HITPOINT WARNING * * *
Okay, then.
Sorry, you're not good enough to have a special ability.
The jackal attacks as you move away! The jackal barely misses you. x2
The jackal bites you but does no damage.
The jackal closely misses you.
The jackal bites you but does no damage.
The jackal bites you.
You die...

..#..#...##..#
.#. #..# .
#..#......
#..#.$....
#..#......
##.#......
#..##B####
###...hhh...
.......@###.
#######.....
######


You could see 3 jackals and a giant cockroach.

Vanquished Creatures
  A bat (D:1)
  A ball python (D:1)
  A rat (D:1)
3 creatures vanquished.

Notes
Turn   | Place    | Note
-------+----------+-------------------------------------------
     0 | D:1      | lesaewzxc the Kobold Arcane Marksman began the quest for
                  | the Orb.
     0 | D:1      | Reached XP level 1. HP: 12/12 MP: 2/2
    87 | D:1      | Slain by a jackal

Illustrated notes

Levels and vault maps discovered:
D:1:      psy_arrival_basics, layout_basic, minivault_25,
          minmay_misc_feat_diagonals, minmay_tromino_v7

Action                   || total
-------------------------++-------
 Fire: Hand crossbow     ||    12
Armor: Robe              ||     5
Dodge: Dodged            ||    24

Table legend: (Time is in decaauts)
 A = Elapsed time spent in this place.
 B = Non-inter-level travel time spent in this place.
 C = Inter-level travel time spent in this place.
 D = Time resting spent in this place.
 E = Time spent auto-exploring this place.
 F = Levels seen in this place.
 G = Mean time per level.
                   A        B        C        D        E       F      G
               +--------+--------+--------+--------+--------+-----+--------+
         Total |     91 |     88 |      3 |      0 |      0 |   1 |   91.0 |
       Dungeon |     91 |     88 |      3 |      0 |      0 |   1 |   91.0 |
               +--------+--------+--------+--------+--------+-----+--------+

Top non-repeatable levels by time:
     D:1: 91 daAuts
